| TOP OF THE 1ST |
|
Texas Rangers batting - Pitching for Montreal Expos : RHP Jonathan Jackson
|
|
Pitching: RHP Jonathan Jackson
|
|
|
Batting: LHB Da Vo
|
0-0: Ball 1-0: Fly out, F7 (Line Drive, 7D, EV 108.8 MPH)
|
|
Batting: RHB David Casas
|
0-0: SINGLE (Groundball, 4MD, EV 96.2 MPH)
|
|
Batting: SHB Jun Tsuda
|
0-0: Ball 1-0: Swinging Strike 1-1: Swinging Strike 1-2: Strikes out swinging David Casas is caught stealing 2nd base 2-6 Batter strikes out.
|
| Top of the 1st over - 0 runs, 1 hit, 0 errors, 0 left on base; Texas 0 - Montreal 0 |
| BOTTOM OF THE 1ST |
|
Montreal Expos batting - Pitching for Texas Rangers : RHP Javy Falcon
|
|
Pitching: RHP Javy Falcon
|
|
|
Batting: RHB Robby Juarez
|
0-0: Ball 1-0: Ball 2-0: Ball 3-0: Ground out 4-3 (Groundball, 4M, EV 101.2 MPH)
|
|
Batting: SHB Pete Barutha
|
0-0: Called Strike 0-1: Ball 1-1: Ground out 5-3 (Groundball, 5S, EV 85.0 MPH)
|
|
Batting: RHB Mike Salmon
|
0-0: Ball 1-0: Fly out, F8 (Flyball, 8RM, EV 88.1 MPH)
|
| Bottom of the 1st over - 0 runs, 0 hits, 0 errors, 0 left on base; Texas 0 - Montreal 0 |
| TOP OF THE 2ND |
|
Texas Rangers batting - Pitching for Montreal Expos : RHP Jonathan Jackson
|
|
Batting: SHB John Giesbrecht
|
0-0: Ground out 5-3 (Groundball, 56, EV 84.4 MPH)
|
|
Batting: RHB Rich Stinson
|
0-0: Foul Ball, location: 2F 0-1: Ball 1-1: Swinging Strike 1-2: Fly out, F8 (Flyball, 89D, EV 89.4 MPH)
|
|
Batting: RHB Bert Clark
|
0-0: Foul Ball, location: 2F 0-1: Swinging Strike 0-2: Ground out U3 (Groundball, 34S, EV 84.4 MPH)
|
| Top of the 2nd over - 0 runs, 0 hits, 0 errors, 0 left on base; Texas 0 - Montreal 0 |
| BOTTOM OF THE 2ND |
|
Montreal Expos batting - Pitching for Texas Rangers : RHP Javy Falcon
|
|
Batting: RHB Hugo Bautista
|
0-0: Foul Ball, location: 2F 0-1: Foul Ball, location: 2F 0-2: Strikes out swinging
|
|
Batting: LHB Jimmy Buscemi
|
0-0: Foul Ball, location: 2F 0-1: Ball 1-1: Ball 2-1: Foul Ball, location: 2F 2-2: Strikes out swinging
|
|
Batting: RHB Martin Chavez
|
0-0: Swinging Strike 0-1: Swinging Strike 0-2: Ball 1-2: Ball 2-2: Strikes out swinging
|
| Bottom of the 2nd over - 0 runs, 0 hits, 0 errors, 0 left on base; Texas 0 - Montreal 0 |
| TOP OF THE 3RD |
|
Texas Rangers batting - Pitching for Montreal Expos : RHP Jonathan Jackson
|
|
Batting: SHB Vince Ealy
|
0-0: Ball 1-0: Foul Ball, location: 2F 1-1: Ball 2-1: Foul Ball, location: 2F 2-2: Ground out 5-3 (Groundball, 5, EV 86.2 MPH)
|
|
Batting: RHB Zhao-ji Chi
|
0-0: Ball 1-0: DOUBLE (Line Drive, 78D, EV 106.9 MPH)
|
|
Batting: RHB Alex Sandoval
|
0-0: Fly out, F8 (Flyball, 8RD, EV 96.9 MPH)
|
|
Batting: LHB Da Vo
|
0-0: Ball 1-0: Ball 2-0: Foul Ball, location: 2F 2-1: Foul Ball, location: 2F 2-2: Ground out 4-3 (Groundball, 4, EV 83.1 MPH)
|
| Top of the 3rd over - 0 runs, 1 hit, 0 errors, 1 left on base; Texas 0 - Montreal 0 |
| BOTTOM OF THE 3RD |
|
Montreal Expos batting - Pitching for Texas Rangers : RHP Javy Falcon
|
|
Batting: RHB John Ham
|
0-0: Ball 1-0: Swinging Strike 1-1: Ball 2-1: Foul Ball, location: 2F 2-2: Ground out 4-3 (Groundball, 4, EV 99.4 MPH)
|
|
Batting: RHB Wen-hua Lei
|
0-0: Ball 1-0: Ball 2-0: SOLO HOME RUN (Flyball, 7D, EV 100.6 MPH), Distance : 365 ft
|
|
Batting: SHB Bran Stark
|
0-0: Foul Ball, location: 2F 0-1: Ground out 1-3 (Groundball, 25, EV 70.6 MPH)
|
|
Batting: RHB Robby Juarez
|
0-0: Ground out 4-3 (Groundball, 4, EV 100.0 MPH)
|
| Bottom of the 3rd over - 1 run, 1 hit, 0 errors, 0 left on base; Texas 0 - Montreal 1 |
| TOP OF THE 4TH |
|
Texas Rangers batting - Pitching for Montreal Expos : RHP Jonathan Jackson
|
|
Batting: RHB David Casas
|
0-0: Called Strike 0-1: Ground out 1-3 (Groundball, 13S, EV 61.9 MPH)
|
|
Batting: SHB Jun Tsuda
|
0-0: SINGLE (Groundball, 4MD, EV 110.6 MPH)
|
|
Batting: SHB John Giesbrecht
|
0-0: Called Strike Jun Tsuda steals 2nd base 0-1: DOUBLE (Flyball, 8LXD, EV 111.2 MPH) Jun Tsuda scores
|
|
Batting: RHB Rich Stinson
|
0-0: Ball 1-0: Called Strike 1-1: Ball Wild Pitch! John Giesbrecht to third 2-1: Foul Ball, location: 2F 2-2: Fly out, F6 (Flyball, 6MD, EV 85.6 MPH)
|
|
Batting: RHB Bert Clark
|
0-0: Foul Ball, location: 2F 0-1: Ball 1-1: Ball Wild Pitch! John Giesbrecht scores 2-1: DOUBLE (Groundball, 5L, EV 93.8 MPH)
|
|
Batting: SHB Vince Ealy
|
0-0: Ball 1-0: Foul Ball, location: 2F 1-1: Ball 2-1: Foul Ball, location: 2F 2-2: Foul Ball, location: 2F 2-2: Ball 3-2: Fly out, F8 (Flyball, 78M, EV 88.1 MPH)
|
| Top of the 4th over - 2 runs, 3 hits, 0 errors, 1 left on base; Texas 2 - Montreal 1 |
| BOTTOM OF THE 4TH |
|
Montreal Expos batting - Pitching for Texas Rangers : RHP Javy Falcon
|
|
Batting: SHB Pete Barutha
|
0-0: Ball 1-0: Swinging Strike 1-1: Ball 2-1: Swinging Strike 2-2: Ball 3-2: Foul Ball, location: 2F 3-2: Strikes out swinging
|
|
Batting: RHB Mike Salmon
|
0-0: Ball 1-0: Swinging Strike 1-1: Ball 2-1: Foul Ball, location: 2F 2-2: Ball 3-2: Foul Ball, location: 2F 3-2: Strikes out swinging
|
|
Batting: RHB Hugo Bautista
|
0-0: Swinging Strike 0-1: Foul Ball, location: 2F 0-2: Ball 1-2: Ball 2-2: Strikes out swinging
|
| Bottom of the 4th over - 0 runs, 0 hits, 0 errors, 0 left on base; Texas 2 - Montreal 1 |
| TOP OF THE 5TH |
|
Texas Rangers batting - Pitching for Montreal Expos : RHP Jonathan Jackson
|
|
Batting: RHB Zhao-ji Chi
|
0-0: Fly out, F9 (Line Drive, 9S, EV 93.1 MPH)
|
|
Batting: RHB Alex Sandoval
|
0-0: Foul Ball, location: 2F 0-1: Foul Ball, location: 2F 0-2: Foul Ball, location: 2F 0-2: Ball 1-2: Ball 2-2: Strikes out swinging
|
|
Batting: LHB Da Vo
|
0-0: Called Strike 0-1: Ball 1-1: Foul Ball, location: 2F 1-2: Foul Ball, location: 2F 1-2: Strikes out swinging
|
| Top of the 5th over - 0 runs, 0 hits, 0 errors, 0 left on base; Texas 2 - Montreal 1 |
| BOTTOM OF THE 5TH |
|
Montreal Expos batting - Pitching for Texas Rangers : RHP Javy Falcon
|
|
Batting: LHB Jimmy Buscemi
|
0-0: Ball 1-0: Called Strike 1-1: Foul Ball, location: 2F 1-2: Ball 2-2: SOLO HOME RUN (Flyball, 89XD, EV 99.4 MPH), Distance : 383 ft
|
|
Batting: RHB Martin Chavez
|
0-0: Ball 1-0: Swinging Strike 1-1: Ball 2-1: DOUBLE (Flyball, 8RXD, EV 90.6 MPH)
|
|
Batting: RHB John Ham
|
0-0: Swinging Strike 0-1: Foul Ball, location: 2F 0-2: Strikes out swinging
|
|
Batting: RHB Wen-hua Lei
|
0-0: Called Strike 0-1: Foul Ball, location: 2F 0-2: Strikes out swinging
|
|
Batting: SHB Bran Stark
|
0-0: Called Strike 0-1: Called Strike 0-2: Ground out 6-3 (Groundball, 6, EV 101.9 MPH)
|
| Bottom of the 5th over - 1 run, 2 hits, 0 errors, 1 left on base; Texas 2 - Montreal 2 |
| TOP OF THE 6TH |
|
Texas Rangers batting - Pitching for Montreal Expos : RHP Jonathan Jackson
|
|
Batting: RHB David Casas
|
0-0: Called Strike 0-1: Ball 1-1: Ball 2-1: Swinging Strike 2-2: Strikes out swinging
|
|
Batting: SHB Jun Tsuda
|
0-0: Called Strike 0-1: Fly out, F8 (Line Drive, 8RM, EV 96.9 MPH)
|
|
Batting: SHB John Giesbrecht
|
0-0: Ball 1-0: Ball 2-0: SINGLE (Groundball, 56S, EV 61.2 MPH) (infield hit)
|
|
Pinch Runner at 1st Johan de Vries:
|
|
|
Batting: RHB Rich Stinson
|
0-0: Called Strike Johan de Vries is caught stealing 2nd base 2-4
|
| Top of the 6th over - 0 runs, 1 hit, 0 errors, 0 left on base; Texas 2 - Montreal 2 |
| BOTTOM OF THE 6TH |
|
Montreal Expos batting - Pitching for Texas Rangers : RHP Javy Falcon
|
|
Now at 2B: Johan de Vries
|
|
|
Batting: RHB Robby Juarez
|
0-0: Foul Ball, location: 2F 0-1: Ground out 1-3 (Groundball, 34S, EV 70.0 MPH)
|
|
Batting: SHB Pete Barutha
|
0-0: Ball 1-0: Called Strike 1-1: Foul Ball, location: 2F 1-2: Ball 2-2: Ground out 4-3 (Groundball, 34, EV 91.9 MPH)
|
|
Batting: RHB Mike Salmon
|
0-0: Called Strike 0-1: Ball 1-1: Swinging Strike 1-2: Foul Ball, location: 2F 1-2: Foul Ball, location: 2F 1-2: Foul Ball, location: 2F 1-2: Foul Ball, location: 2F 1-2: Ball 2-2: Ground out 5-3 (Groundball, 56, EV 83.1 MPH)
|
| Bottom of the 6th over - 0 runs, 0 hits, 0 errors, 0 left on base; Texas 2 - Montreal 2 |
| TOP OF THE 7TH |
|
Texas Rangers batting - Pitching for Montreal Expos : RHP Jonathan Jackson
|
|
Batting: RHB Rich Stinson
|
0-0: Swinging Strike 0-1: Ball 1-1: Ball 2-1: TRIPLE (Line Drive, 89XD, EV 113.8 MPH)
|
|
Batting: RHB Bert Clark
|
0-0: Ground out 5-3 (Groundball, 56S, EV 93.8 MPH)
|
|
Batting: SHB Vince Ealy
|
0-0: Intentional Walk
|
|
Batting: RHB Zhao-ji Chi
|
0-0: Ball 1-0: Called Strike Vince Ealy steals 2nd base 1-1: Ball 2-1: Ball 3-1: Foul Ball, location: 2F 3-2: Strikes out looking
|
|
Batting: RHB Alex Sandoval
|
0-0: Called Strike 0-1: Foul Ball, location: 2F 0-2: Strikes out swinging
|
| Top of the 7th over - 0 runs, 1 hit, 0 errors, 2 left on base; Texas 2 - Montreal 2 |
| BOTTOM OF THE 7TH |
|
Montreal Expos batting - Pitching for Texas Rangers : RHP Javy Falcon
|
|
Batting: RHB Hugo Bautista
|
0-0: Ground out 6-3 (Groundball, 6, EV 88.8 MPH)
|
|
Batting: LHB Jimmy Buscemi
|
0-0: Called Strike 0-1: Ball 1-1: Ball 2-1: Foul Ball, location: 2F 2-2: Ball 3-2: Foul Ball, location: 2F 3-2: Strikes out swinging, 2-3 out at first.
|
|
Batting: RHB Martin Chavez
|
0-0: Ball 1-0: Foul Ball, location: 2F 1-1: Ball 2-1: Fly out, F7 (Flyball, 78M, EV 80.0 MPH)
|
| Bottom of the 7th over - 0 runs, 0 hits, 0 errors, 0 left on base; Texas 2 - Montreal 2 |
| TOP OF THE 8TH |
|
Texas Rangers batting - Pitching for Montreal Expos : RHP Jonathan Jackson
|
|
Batting: LHB Da Vo
|
0-0: Called Strike 0-1: Ball 1-1: Ball 2-1: Ball 3-1: Foul Ball, location: 2F 3-2: Fly out, F8 (Line Drive, 8LD, EV 103.8 MPH)
|
|
Batting: RHB David Casas
|
0-0: Called Strike 0-1: Foul Ball, location: 2F 0-2: Ball 1-2: SINGLE (Line Drive, 8RS, EV 108.8 MPH)
|
|
Batting: SHB Jun Tsuda
|
0-0: Ball 1-0: Ball 2-0: Foul Ball, location: 2F 2-1: Fly out, F4 (Line Drive, 4, EV 71.2 MPH)
|
|
Batting: LHB Johan de Vries
|
0-0: Ball 1-0: Ball 2-0: Foul Ball, location: 2F 2-1: Foul Ball, location: 2F 2-2: Foul Ball, location: 2F 2-2: Foul Ball, location: 2F 2-2: Strikes out swinging
|
| Top of the 8th over - 0 runs, 1 hit, 0 errors, 1 left on base; Texas 2 - Montreal 2 |
| BOTTOM OF THE 8TH |
|
Montreal Expos batting - Pitching for Texas Rangers : RHP Javy Falcon
|
|
Pinch Hitting: SHB Hans Mikkelsen
|
0-0: Ball 1-0: Swinging Strike 1-1: Ball 2-1: Foul Ball, location: 2F 2-2: Strikes out looking
|
|
Pitching: RHP Kyle Curve
|
|
|
Batting: RHB Wen-hua Lei
|
0-0: Foul Ball, location: 2F 0-1: Foul Ball, location: 2F 0-2: Foul Ball, location: 2F 0-2: Ball 1-2: Ball 2-2: Ball 3-2: Strikes out swinging
|
|
Batting: SHB Bran Stark
|
0-0: Called Strike 0-1: Called Strike 0-2: Ball 1-2: Strikes out swinging
|
| Bottom of the 8th over - 0 runs, 0 hits, 0 errors, 0 left on base; Texas 2 - Montreal 2 |
| TOP OF THE 9TH |
|
Texas Rangers batting - Pitching for Montreal Expos : RHP Jonathan Jackson
|
|
Now in LF: Hans Mikkelsen
|
|
|
Batting: RHB Rich Stinson
|
0-0: Called Strike 0-1: SINGLE (Flyball, 78S, EV 94.4 MPH)
|
|
Batting: RHB Bert Clark
|
0-0: Ball 1-0: Sac Bunt to 2R - play at first, batter OUT! 2-4 Rich Stinson to second
|
|
Batting: SHB Vince Ealy
|
0-0: Intentional Walk
|
|
Pinch Hitting: LHB Cody Schumacher
|
0-0: Foul Ball, location: 2F 0-1: Ball 1-1: Called Strike 1-2: Fly out, F9 (Flyball, 9LM, EV 88.1 MPH) Runner from 2nd tags up, SAFE at 3rd, no throw by RF
|
|
Pitching: RHP Elliott Payne
|
|
|
Batting: RHB Alex Sandoval
|
0-0: Ball 1-0: Swinging Strike 1-1: Ball 2-1: DOUBLE (Line Drive, 9LM, EV 104.4 MPH) Rich Stinson scores Vince Ealy to third Runner from 3rd tries for Home, SAFE, throw by RF to trailing runner, SAFE at third!
|
|
Batting: LHB Da Vo
|
0-0: Swinging Strike 0-1: Called Strike 0-2: Ball 1-2: Ball 2-2: Strikes out swinging
|
| Top of the 9th over - 2 runs, 2 hits, 0 errors, 1 left on base; Texas 4 - Montreal 2 |
| BOTTOM OF THE 9TH |
|
Montreal Expos batting - Pitching for Texas Rangers : RHP Kyle Curve
|
|
Pitching: RHP Brad Kramer
|
|
|
Now in CF: Cody Schumacher
|
|
|
Batting: RHB Robby Juarez
|
0-0: Swinging Strike 0-1: Ball 1-1: Swinging Strike 1-2: Ground out 2-3 (Groundball, 15S, EV 70.0 MPH)
|
|
Batting: SHB Pete Barutha
|
0-0: Called Strike 0-1: Swinging Strike 0-2: Ball 1-2: Strikes out swinging
|
|
Batting: RHB Mike Salmon
|
0-0: Ball 1-0: Ball 2-0: Ball 3-0: Base on Balls
|
|
Batting: RHB Hugo Bautista
|
0-0: Fly out, F8 (Line Drive, 8RD, EV 85.0 MPH)
|
| Bottom of the 9th over - 0 runs, 0 hits, 0 errors, 1 left on base; Texas 4 - Montreal 2 |
|